3R
GREENPORT HARBOR WHALES @ BOMPTON BABY LAKERS
06/22/2042
 
TOP OF THE 1ST
Greenport Harbor Whales batting - Pitching for Bompton Baby Lakers : LHP Ryan Riley
Pitching: LHP Ryan Riley
Batting: RHB Alex Thompson 0-0: Foul Ball, location: 2F
0-1: Foul Ball, location: 2F
0-2: Ball
1-2: Ball
2-2: Strikes out swinging
Batting: LHB Davis Davenport 0-0: Ball
1-0: Fly out, F8 (Flyball, 8RM, EV 94.4 MPH)
Batting: LHB Albert Hanson 0-0: Called Strike
0-1: Ball
1-1: Fly out, F9 (Line Drive, 9, EV 105.0 MPH)
Top of the 1st over - 0 runs, 0 hits, 0 errors, 0 left on base; Greenport 0 - Bompton 0
BOTTOM OF THE 1ST
Bompton Baby Lakers batting - Pitching for Greenport Harbor Whales : RHP Leonard Harmon
Pitching: RHP Leonard Harmon
Batting: LHB Leonardo Valdéz 0-0: Foul Ball, location: 2F
0-1: Called Strike
0-2: Ball
1-2: Ball
2-2: Fly out, F7 (Flyball, 7D, EV 98.1 MPH)
Batting: RHB Cory Clayton 0-0: Fly out, F4 (Line Drive, 4, EV 73.8 MPH)
Batting: RHB Jason Wilson 0-0: Ball
1-0: Called Strike
1-1: Foul Ball, location: 2F
1-2: Strikes out swinging
Bottom of the 1st over - 0 runs, 0 hits, 0 errors, 0 left on base; Greenport 0 - Bompton 0
TOP OF THE 2ND
Greenport Harbor Whales batting - Pitching for Bompton Baby Lakers : LHP Ryan Riley
Batting: RHB José Vásquez 0-0: Ground out 4-3 (Groundball, 4M, EV 86.2 MPH)
Batting: LHB Rafael Rea 0-0: Called Strike
0-1: Ball
1-1: Swinging Strike
1-2: Ball
2-2: Foul Ball, location: 2F
2-2: SINGLE (Flyball, 7S, EV 88.1 MPH)
Batting: RHB Andrew Rijerkerk 0-0: Called Strike
0-1: Ball
1-1: Foul Ball, location: 2F
1-2: Strikes out looking
Batting: RHB Robert Robinson 0-0: Swinging Strike
0-1: Foul Ball, location: 2F
0-2: Foul Ball, location: 2F
0-2: Ball
1-2: Ground out 1-3 (Groundball, 34S, EV 86.9 MPH)
Top of the 2nd over - 0 runs, 1 hit, 0 errors, 1 left on base; Greenport 0 - Bompton 0
BOTTOM OF THE 2ND
Bompton Baby Lakers batting - Pitching for Greenport Harbor Whales : RHP Leonard Harmon
Batting: RHB Keaton Sturge 0-0: Ball
1-0: Foul Ball, location: 2F
1-1: Foul Ball, location: 2F
1-2: Strikes out swinging
Batting: RHB Tim Rowland 0-0: Ball
1-0: Foul Ball, location: 2F
1-1: SINGLE (Groundball, 56D, EV 105.0 MPH)
Batting: RHB Juan Carlos Solís 0-0: Ball
1-0: Called Strike
1-1: Fly out, F7 (Flyball, 7, EV 92.5 MPH)
Batting: RHB Joe Hicks 0-0: Fly out, F9 (Flyball, 9, EV 74.4 MPH)
Bottom of the 2nd over - 0 runs, 1 hit, 0 errors, 1 left on base; Greenport 0 - Bompton 0
TOP OF THE 3RD
Greenport Harbor Whales batting - Pitching for Bompton Baby Lakers : LHP Ryan Riley
Batting: RHB Vicente Mendoza 0-0: Ball
1-0: Called Strike
1-1: Swinging Strike
1-2: Strikes out looking
Batting: RHB Mariano Cabral 0-0: Swinging Strike
0-1: Ball
1-1: Ball
2-1: Ball
3-1: Called Strike
3-2: Strikes out looking
Batting: RHB Alex Thompson 0-0: Called Strike
0-1: Ball
1-1: Called Strike
1-2: Strikes out swinging
Top of the 3rd over - 0 runs, 0 hits, 0 errors, 0 left on base; Greenport 0 - Bompton 0
BOTTOM OF THE 3RD
Bompton Baby Lakers batting - Pitching for Greenport Harbor Whales : RHP Leonard Harmon
Batting: LHB Ron Stevenson 0-0: Ball
1-0: Ball
2-0: Ground out 4-3 (Groundball, 4, EV 90.0 MPH)
Batting: RHB Cal Moore 0-0: Ball
1-0: Ball
2-0: Foul Ball, location: 2F
2-1: Swinging Strike
2-2: Strikes out swinging
Batting: LHB Leonardo Valdéz 0-0: Ball
1-0: Ball
2-0: Called Strike
2-1: Ball
3-1: Called Strike
3-2: Base on Balls
Batting: RHB Cory Clayton 0-0: Called Strike
Leonardo Valdéz steals 2nd base
0-1: Fly out, F8 (Flyball, 8LM, EV 71.9 MPH)
Bottom of the 3rd over - 0 runs, 0 hits, 0 errors, 1 left on base; Greenport 0 - Bompton 0
TOP OF THE 4TH
Greenport Harbor Whales batting - Pitching for Bompton Baby Lakers : LHP Ryan Riley
Batting: LHB Davis Davenport 0-0: Ball
1-0: Foul Ball, location: 2F
1-1: Ball
2-1: Foul Ball, location: 2F
2-2: Fly out, F9 (Flyball, 89M, EV 90.6 MPH)
Batting: LHB Albert Hanson 0-0: Ball
1-0: Ground out 6-3 (Groundball, 6M, EV 88.1 MPH)
Batting: RHB José Vásquez 0-0: DOUBLE (Flyball, 8RXD, EV 88.8 MPH)
Batting: LHB Rafael Rea 0-0: Ball
1-0: TRIPLE (Flyball, 89XD, EV 87.5 MPH)
José Vásquez scores
Batting: RHB Andrew Rijerkerk 0-0: Ball
1-0: Swinging Strike
1-1: Swinging Strike
1-2: Ball
2-2: Foul Ball, location: 2F
2-2: Foul Ball, location: 2F
2-2: Foul Ball, location: 2F
2-2: Strikes out swinging
Top of the 4th over - 1 run, 2 hits, 0 errors, 1 left on base; Greenport 1 - Bompton 0
BOTTOM OF THE 4TH
Bompton Baby Lakers batting - Pitching for Greenport Harbor Whales : RHP Leonard Harmon
Batting: RHB Jason Wilson 0-0: Foul Ball, location: 2F
0-1: Foul Ball, location: 2F
0-2: Strikes out swinging
Batting: RHB Keaton Sturge 0-0: Ball
1-0: Called Strike
1-1: Ball
2-1: Called Strike
2-2: Foul Ball, location: 2F
2-2: Fly out, F4 (Popup, 4S, EV 71.2 MPH)
Batting: RHB Tim Rowland 0-0: Ball
1-0: Called Strike
1-1: Ball
2-1: Called Strike
2-2: Foul Ball, location: 2F
2-2: Foul Ball, location: 2F
2-2: Foul Ball, location: 2F
2-2: Fly out, F8 (Line Drive, 8LM, EV 107.5 MPH)
Bottom of the 4th over - 0 runs, 0 hits, 0 errors, 0 left on base; Greenport 1 - Bompton 0
TOP OF THE 5TH
Greenport Harbor Whales batting - Pitching for Bompton Baby Lakers : LHP Ryan Riley
Batting: RHB Robert Robinson 0-0: Ball
1-0: Fly out, F9 (Flyball, 9D, EV 90.0 MPH)
Batting: RHB Vicente Mendoza 0-0: Called Strike
0-1: SINGLE (Line Drive, 9LM, EV 106.2 MPH)
Batting: RHB Mariano Cabral 0-0: Ball
1-0: SINGLE (Flyball, 7S, EV 93.1 MPH)
Vicente Mendoza to second
Batting: RHB Alex Thompson 0-0: Reached on error, E9 (Flyball, 89M, EV 82.5 MPH)
Vicente Mendoza to third
Mariano Cabral to second
Batting: LHB Davis Davenport 0-0: SINGLE (Line Drive, 7S, EV 104.4 MPH)
Vicente Mendoza scores
Mariano Cabral to third
Alex Thompson to second
Batting: LHB Albert Hanson 0-0: Ball
1-0: Called Strike
1-1: Foul Ball, location: 2F
1-2: Foul Ball, location: 2F
1-2: Fly out, F9 (Line Drive, 9, EV 87.5 MPH)
Batting: RHB José Vásquez 0-0: Foul Ball, location: 2F
0-1: Foul Ball, location: 2F
0-2: Strikes out looking
Top of the 5th over - 1 run, 3 hits, 1 error, 3 left on base; Greenport 2 - Bompton 0
BOTTOM OF THE 5TH
Bompton Baby Lakers batting - Pitching for Greenport Harbor Whales : RHP Leonard Harmon
Batting: RHB Juan Carlos Solís 0-0: Called Strike
0-1: Foul Ball, location: 2F
0-2: Ball
1-2: Strikes out swinging
Batting: RHB Joe Hicks 0-0: Called Strike
0-1: Called Strike
0-2: Strikes out swinging
Batting: LHB Ron Stevenson 0-0: SINGLE (Groundball, 4, EV 102.5 MPH) (infield hit)
Batting: RHB Cal Moore 0-0: Called Strike
0-1: DOUBLE (Groundball, 5L, EV 110.6 MPH)
Ron Stevenson to third
Batting: LHB Leonardo Valdéz Balk!
Ron Stevenson scores
Cal Moore to third
0-0: Swinging Strike
0-1: Ball
1-1: SINGLE (Line Drive, 78M, EV 89.4 MPH)
Cal Moore scores
Batting: RHB Cory Clayton 0-0: Ball
1-0: Foul Ball, location: 2F
1-1: Swinging Strike
1-2: Foul Ball, location: 2F
1-2: SINGLE (Line Drive, 89S, EV 113.8 MPH)
Leonardo Valdéz to second
Runner from 2nd tries for 3rd, SAFE, no throw by RF
Batting: RHB Jason Wilson 0-0: Ball
Cory Clayton steals 2nd base
1-0: Ball
2-0: Foul Ball, location: 2F
2-1: Swinging Strike
2-2: Ground out 5-3 (Groundball, 56S, EV 63.1 MPH)
Bottom of the 5th over - 2 runs, 4 hits, 0 errors, 2 left on base; Greenport 2 - Bompton 2
TOP OF THE 6TH
Greenport Harbor Whales batting - Pitching for Bompton Baby Lakers : LHP Ryan Riley
Batting: LHB Rafael Rea 0-0: Ball
1-0: Called Strike
1-1: Ball
2-1: Foul Ball, location: 2F
2-2: Fly out, F7 (Flyball, 7S, EV 82.5 MPH)
Batting: RHB Andrew Rijerkerk 0-0: Ball
1-0: Ball
2-0: Called Strike
2-1: Foul Ball, location: 2F
2-2: Foul Ball, location: 2F
2-2: Strikes out swinging
Batting: RHB Robert Robinson 0-0: Called Strike
0-1: Ball
1-1: Called Strike
1-2: Strikes out swinging
Top of the 6th over - 0 runs, 0 hits, 0 errors, 0 left on base; Greenport 2 - Bompton 2
BOTTOM OF THE 6TH
Bompton Baby Lakers batting - Pitching for Greenport Harbor Whales : RHP Leonard Harmon
Batting: RHB Keaton Sturge 0-0: Ball
1-0: SINGLE (Groundball, 5D, EV 95.6 MPH)
Batting: RHB Tim Rowland 0-0: Called Strike
0-1: Foul Ball, location: 2F
0-2: Strikes out looking
Batting: RHB Juan Carlos Solís 0-0: Called Strike
0-1: Ball
1-1: Ball
2-1: Foul Ball, location: 2F
2-2: Foul Ball, location: 2F
2-2: Foul Ball, location: 2F
2-2: Ball
3-2: Fielders Choice at 2nd, 1-4 (Groundball, P, EV 76.2 MPH)
Batting: RHB Joe Hicks 0-0: Swinging Strike
0-1: Foul Ball, location: 2F
0-2: Strikes out looking
Bottom of the 6th over - 0 runs, 1 hit, 0 errors, 1 left on base; Greenport 2 - Bompton 2
TOP OF THE 7TH
Greenport Harbor Whales batting - Pitching for Bompton Baby Lakers : LHP Ryan Riley
Batting: RHB Vicente Mendoza 0-0: Ball
1-0: Foul Ball, location: 2F
1-1: Ground out U3 (Groundball, 34, EV 88.1 MPH)
Batting: RHB Mariano Cabral 0-0: Ball
1-0: Foul Ball, location: 2F
1-1: Foul Ball, location: 2F
1-2: Foul Ball, location: 2F
1-2: Foul Ball, location: 2F
1-2: Strikes out looking
Batting: RHB Alex Thompson 0-0: Ball
1-0: Called Strike
1-1: Swinging Strike
1-2: Strikes out looking
Top of the 7th over - 0 runs, 0 hits, 0 errors, 0 left on base; Greenport 2 - Bompton 2
BOTTOM OF THE 7TH
Bompton Baby Lakers batting - Pitching for Greenport Harbor Whales : RHP Leonard Harmon
Batting: LHB Ron Stevenson 0-0: Called Strike
0-1: Swinging Strike
0-2: SINGLE (Groundball, 4D, EV 94.4 MPH)
Batting: RHB Cal Moore 0-0: Called Strike
0-1: Called Strike
0-2: Strikes out swinging
Pitching: LHP Todd Wilcox
Batting: LHB Leonardo Valdéz 0-0: SINGLE (Groundball, 34D, EV 104.4 MPH)
Ron Stevenson to second
Runner from 2nd tries for 3rd, SAFE, throw by RF made to third
Batting: RHB Cory Clayton 0-0: Called Strike
0-1: Ball
1-1: Called Strike
1-2: Strikes out swinging
Batting: RHB Jason Wilson 0-0: Ball
1-0: Ball
2-0: Called Strike
2-1: Swinging Strike
2-2: SINGLE (Groundball, 6MD, EV 97.5 MPH)
Ron Stevenson scores
Leonardo Valdéz to second
Runner from 2nd tries for 3rd, OUT! 8-5
Bottom of the 7th over - 1 run, 3 hits, 0 errors, 1 left on base; Greenport 2 - Bompton 3
TOP OF THE 8TH
Greenport Harbor Whales batting - Pitching for Bompton Baby Lakers : LHP Ryan Riley
Now in RF: Kobbe Elders
Batting: LHB Davis Davenport 0-0: Foul Ball, location: 2F
0-1: SINGLE (Line Drive, 89D, EV 108.8 MPH)
Batting: LHB Albert Hanson 0-0: Fly out, F7 (Line Drive, 7, EV 90.6 MPH)
Batting: RHB José Vásquez 0-0: Foul Ball, location: 2F
0-1: Called Strike
0-2: Ball
1-2: Fly out, F7 (Flyball, 7, EV 93.8 MPH)
Batting: LHB Rafael Rea 0-0: Ball
1-0: Ball
2-0: Foul Ball, location: 2F
2-1: Called Strike
2-2: Ball
3-2: Base on Balls
Davis Davenport to second
Pitching: LHP Guo-ning Wang
Pinch Hitting: RHB Jeffrey Lewis 0-0: SINGLE (Line Drive, 8RS, EV 100.6 MPH)
Davis Davenport to third
Rafael Rea to second
Runner from 3rd tries for Home, SAFE, throw by CF to home
Pinch Runner at 2nd Dusty Chapman:
Batting: RHB Robert Robinson 0-0: Ball
1-0: Ball
2-0: Foul Ball, location: 2F
2-1: Ball
3-1: Called Strike
3-2: SINGLE (Line Drive, 34D, EV 102.5 MPH)
Dusty Chapman to third
Jeffrey Lewis to second
Dusty Chapman scores
Jeffrey Lewis to third
Batting: RHB Vicente Mendoza 0-0: Called Strike
0-1: Ball
1-1: Ball
2-1: Ball
3-1: Called Strike
3-2: Strikes out swinging
Top of the 8th over - 2 runs, 3 hits, 0 errors, 2 left on base; Greenport 4 - Bompton 3
BOTTOM OF THE 8TH
Bompton Baby Lakers batting - Pitching for Greenport Harbor Whales : LHP Todd Wilcox
Now at 3B: Jeffrey Lewis
Now in RF: Fabian Ekkel
Batting: RHB Keaton Sturge 0-0: Ball
1-0: Ball
2-0: Fly out, F9 (Flyball, 9, EV 80.0 MPH)
Batting: RHB Tim Rowland 0-0: Called Strike
0-1: Ball
1-1: Fly out, F4 (Popup, 3S, EV 74.4 MPH)
Batting: RHB Juan Carlos Solís 0-0: Swinging Strike
0-1: Ball
1-1: Ball
2-1: Foul Ball, location: 2F
2-2: Foul Ball, location: 2F
2-2: Ball
3-2: Base on Balls
Pitching: RHP Eldon Williams
Pinch Hitting: RHB Guo-liang Hao 0-0: Ball
1-0: SINGLE (Groundball, 6MD, EV 101.2 MPH)
Juan Carlos Solís to second
Runner from 2nd tries for 3rd, SAFE, no throw by CF
Batting: RHB Kobbe Elders 0-0: Ground out 4-3 (Groundball, 4, EV 96.9 MPH)
Bottom of the 8th over - 0 runs, 1 hit, 0 errors, 2 left on base; Greenport 4 - Bompton 3
TOP OF THE 9TH
Greenport Harbor Whales batting - Pitching for Bompton Baby Lakers : LHP Guo-ning Wang
Now in LF: Johnny Tyler
Batting: RHB Mariano Cabral 0-0: Called Strike
0-1: Ball
1-1: SINGLE (Groundball, 34D, EV 111.2 MPH)
Batting: RHB Alex Thompson 0-0: Foul Ball, location: 2F
0-1: Called Strike
0-2: Ball
1-2: Foul Ball, location: 2F
1-2: Strikes out swinging
Batting: LHB Davis Davenport 0-0: Fielders Choice at 2nd, 1-6 (Groundball, P, EV 63.8 MPH)
Batting: LHB Albert Hanson 0-0: Called Strike
0-1: Swinging Strike
0-2: Foul Ball, location: 2F
0-2: Strikes out swinging
Top of the 9th over - 0 runs, 1 hit, 0 errors, 1 left on base; Greenport 4 - Bompton 3
BOTTOM OF THE 9TH
Bompton Baby Lakers batting - Pitching for Greenport Harbor Whales : RHP Eldon Williams
Pitching: RHP Raúl Ferrer
Pinch Hitting: SHB Dave van Schaack 0-0: Called Strike
0-1: Ball
1-1: Called Strike
1-2: Strikes out swinging
Batting: LHB Leonardo Valdéz 0-0: Called Strike
0-1: Called Strike
0-2: Strikes out swinging
Batting: RHB Cory Clayton 0-0: Ball
1-0: Ball
2-0: Called Strike
2-1: Swinging Strike
2-2: Strikes out swinging
Bottom of the 9th over - 0 runs, 0 hits, 0 errors, 0 left on base; Greenport 4 - Bompton 3
Friday, March 26th, 2021 - OOTP Baseball 20.8 Build 74